 Dungeon Crawl Stone Soup version 0.30-a0-359-gd0147acb1a (webtiles) character file.

Game seed: 4819636533101858094

9663 freelancePsychic the Thaumaturge (level 11, -3/86 HPs)
             Began as a Djinni Cinder Acolyte on Nov 13, 2022.
             Was a High Priest of Ignis.
             Shot with an arrow by a centaur warrior (21 damage)
             ... on level 10 of the Dungeon.
             The game lasted 00:29:06 (11798 turns).

freelancePsychic the Thaumaturge (DjCA)            Turns: 11798, Time: 00:29:07

Health: -3/86      AC:  5    Str: 13    XL:     11   Next: 78%
Gold:   554        EV: 12    Int: 20    God:    Ignis [*****.] SH:  0 Dex: 15

rFire   + + +      SeeInvis .      - Unarmed
rCold   . . .      Faith    .    (no shield)
rNeg    . . .      Spirit   .    F - +1 leather armour {rC+}
rPois   ∞          Reflect  .    (no helmet)
rElec   .          Harm     .    A - +0 cloak
rCorr   +          Rampage  .    (no gloves)
Will    +....                    (boots unavailable)
Stlth   +.........               (no amulet)
HPRegen 0.34/turn                o - +6 ring of dexterity
MPRegen 0.00/turn                p - ring of resist corrosion

@: flying
A: sickness immunity, fire resistance 2, cold vulnerability 1, float, innate
caster, HP casting, extra vitality 1
a: Renounce Religion, Fiery Armour, Foxfire Swarm


You were on level 10 of the Dungeon.
You worshipped Ignis.
Ignis was extremely pleased with you.
You visited 1 branch of the dungeon, and saw 10 of its levels.
You also visited: Bailey.

You collected 554 gold pieces.

Inventory:

Hand Weapons
 B - a +0 halberd
 C - a +1 vampiric halberd
Missiles
 d - a throwing net
Armour
 a - a +0 robe
 t - +0 steam dragon scales
 A - a +0 cloak (worn)
 F - a +1 leather armour of cold resistance (worn)
Magical Staves
 k - a staff of air
Jewellery
 o - a +6 ring of dexterity (left hand)
 p - a ring of resist corrosion (right hand)
Wands
 j - a wand of light (3)
 s - a wand of paralysis (13)
 v - a wand of flame (44)
 y - a wand of roots (3)
Scrolls
 e - 2 scrolls of teleportation {@r4}
 f - a scroll of torment
 h - a scroll of noise
 m - a scroll of amnesia
 q - a scroll of silence {unknown}
 u - 2 scrolls of vulnerability
 z - 2 scrolls of poison
Potions
 b - 5 potions of curing {unknown}
 c - 2 potions of might
 g - a potion of attraction {unknown}
 i - 2 potions of heal wounds {unknown}
 l - 2 potions of degeneration {unknown}
 n - 3 potions of haste {@q3}
 r - a potion of ambrosia {unknown}
 w - a potion of cancellation {unknown}
 x - 2 potions of lignification {unknown}
 D - a potion of brilliance {unknown}
 G - 2 potions of magic {unknown}
Miscellaneous
 E - a tin of tremorstones (2/2)


   Skills:
 + Level 10.7 Fighting
 + Level 2.7 Dodging
 - Level 3.0 Unarmed Combat
 + Level 11.3 Spellcasting


You had 17 spell levels left.
You knew the following spells:

 Your Spells              Type           Power      Damage    Failure   Level
a - Kiss of Death         Conj/Necr      100%       2d13      1%          1
b - Scorch                Fire           100%       2d10      1%          2
c - Vampiric Draining     Necr           54%        2d9       1%          3
d - Call Imp              Summ           54%        N/A       1%          2
e - Kindle Blastsparks    Fire/Tloc/Air  100%       2d18      1%          3
f - Anguish               Hex/Necr       27%        N/A       1%          4
Your spell library was empty.

Dungeon Overview and Level Annotations

Branches:
Dungeon (10/15)            Temple (0/1) D:4          Bailey (visited)
   Lair: D:8-11         Orc: D:9-12

Altars:
Fedhas

Annotations:
D:8 Gastronok


Innate Abilities, Weirdness & Mutations

You are immune to sickness and miasma.
You are immune to poison.
Your flesh is very heat resistant. (rF++)
You are vulnerable to cold. (rC-)
You float through the air rather than walking.
You learn spells naturally, not from books.
Your magical power is your life essence.
You have superior vitality. (+4 MHP)


Message History

The jumping spider leaps!
A jumping spider is nearby!
You draw life force from the jumping spider!
You feel life coursing into your body.
The jumping spider leaps!
You can't see any susceptible monsters within range! (Use Z to cast anyway.)
You can't see any susceptible monsters within range! (Use Z to cast anyway.)
The jumping spider leaps!
A jumping spider is nearby!
Casting: Vampiric Draining (safe; 1% risk of failure)
Confirm with . or Enter, or press ? or * to list all spells.
Flames lash the jumping spider.
The jumping spider is severely wounded.
The jumping spider's fire resistance burns away.
You hear a shout! x3; You hear a bellow!
The jumping spider leaps! x2
Casting: Scorch (safe; 1% risk of failure)
Confirm with . or Enter, or press ? or * to list all spells.
Flames lash the jumping spider.
The jumping spider is burned terribly!
You kill the jumping spider!
An orc comes into view. It is wielding a +0 club.
An orc is nearby!
A centaur warrior comes into view.
The centaur warrior shouts!
You hear a bellow!
You hear a shout!
A yak comes into view.
The centaur warrior wields a +0 longbow.
The centaur warrior shoots an arrow.
The arrow hits you!
You hear a shout!
You hear a bellow!
The centaur warrior shoots an arrow.
The arrow hits you!!
Casting: Scorch (safe; 1% risk of failure)
Confirm with . or Enter, or press ? or * to list all spells.
A beastly little devil appears in a puff of flame.
The centaur warrior shoots an arrow.
The arrow hits you!!
You swap places.
The centaur warrior shoots an arrow.
The arrow hits your crimson imp!!
Your crimson imp dies!
Your crimson imp disappears in a puff of smoke!
The centaur warrior shoots an arrow.
The arrow hits you!!
* * * LOW HITPOINT WARNING * * *
The centaur warrior shoots an arrow.
The arrow hits you!!
You die...

#.....)...#
#.........#
#.........#
##.######## #†#
#.# #.#.
#####..
#.#.#[........#
#@#.#.........#
#.#.#.........#
#.#.#.........#
#§#.#....:....#
#.#............
#.#............
#c#......c.....
#.o.....o......
#...######....#


You could see a centaur warrior and an orc.

Vanquished Creatures
  Pikel (D:7)
  A gargoyle (Bailey)
  Psyche (D:9)
  Maggie (D:5)
  A hornet (D:7)
  A slime creature (D:8)
  Grinder (D:6)
  A jumping spider (shapeshifter) (D:10)
  2 wyverns
  Grum (D:8)
  8 yaks
  3 steam dragons
  2 orc warriors (D:7)
  An ice beast (D:7)
  2 black bears
  A hornet zombie (D:5)
  6 centaurs
  3 wolves (D:8)
  2 lemures
  2 phantoms (D:5)
  A necrophage (D:6)
  A gnoll sergeant (D:9)
  6 scorpions
  8 wights
  6 killer bees (D:9)
  2 howler monkeys
  8 vampire bats (Bailey)
  6 wolf zombies (Bailey)
  2 bullfrog zombies (D:5)
  5 orc priests
  7 hounds
  10 jellies
  Crazy Yiuf (D:7)
  A gnoll bouda (D:7)
  2 iguanas (D:5)
  11 orc wizards
  A scorpion zombie (D:5)
  A hound zombie (D:5)
  A hound skeleton (D:5)
  A howler monkey skeleton (D:5)
  A howler monkey zombie (D:5)
  13 gnolls
  5 adders
  A shadow imp (D:6)
  2 white imps
  An ufetubus (D:5)
  An adder zombie (D:5)
  A worm (D:3)
  35 orcs
  18 endoplasms
  5 giant cockroaches
  6 goblins
  2 hobgoblins
  2 ball pythons
  4 bats
  4 frilled lizards
  3 kobolds
  21 orc zombies (Bailey)
  6 rats
253 creatures vanquished.

Vanquished Creatures (others)
  A two-headed ogre (D:9)
  A vampire (Bailey)
  A yak (D:9)
  4 fungi (D:8)
  4 plants (D:6)
  5 withered plants (D:5)
16 creatures vanquished.

Grand Total: 269 creatures vanquished

Notes
Turn   | Place    | Note
-------+----------+-------------------------------------------
     0 | D:1      | freelancePsychic the Djinni Cinder Acolyte began the quest
                  | for the Orb.
     0 | D:1      | freelancePsychic set off with the following spells
                  | memorised: Scorch.
     0 | D:1      | Reached XP level 1. HP: 20/20 MP: 0/0
   170 | D:2      | Reached XP level 2. HP: 22/25 MP: 0/0
   246 | D:2      | Found a blossoming altar of Fedhas.
   522 | D:2      | Reached XP level 3. HP: 26/30 MP: 0/0
   522 | D:2      | Learned a level 1 spell: Kiss of Death
   523 | D:2      | Reached skill level 3 in Spellcasting
  1602 | D:3      | Reached XP level 4. HP: 33/35 MP: 0/0
  2062 | D:4      | Reached XP level 5. HP: 32/41 MP: 0/0
  2062 | D:4      | Learned a level 2 spell: Call Imp
  2223 | D:4      | Found a staircase to the Ecumenical Temple.
  2478 | D:4      | Reached skill level 4 in Spellcasting
  2546 | D:4      | Reached XP level 6. HP: 44/48 MP: 0/0
  2725 | D:5      | Entered Level 5 of the Dungeon
  3062 | D:5      | Reached XP level 7. HP: 24/53 MP: 0/0
  3062 | D:5      | Learned a level 3 spell: Vampiric Draining
  3188 | D:5      | Reached skill level 5 in Fighting
  3188 | D:5      | Reached skill level 5 in Spellcasting
  3880 | D:5      | Reached XP level 8. HP: 55/60 MP: 0/0
  4098 | D:6      | Noticed Maggie
  4109 | D:5      | Killed Maggie
  4110 | D:5      | Reached skill level 6 in Spellcasting
  4315 | D:5      | HP: 1/61 [wight/+5 war axe (12)]
  4548 | D:6      | Noticed Grinder
  4881 | D:6      | Reached skill level 7 in Spellcasting
  4881 | D:6      | Reached XP level 9. HP: 45/67 MP: 0/0
  4881 | D:6      | Learned a level 3 spell: Kindle Blastsparks
  4978 | D:6      | Killed Grinder
  5280 | D:5      | Reached skill level 8 in Spellcasting
  5534 | D:6      | Identified the +9 mace of Okawaru's Approval {venom, Fly
                  | rElec Dex+3}
  5813 | D:7      | Noticed Pikel
  6233 | D:7      | Reached XP level 10. HP: 63/76 MP: 0/0
  6656 | D:7      | Reached skill level 9 in Spellcasting
  6945 | D:7      | Paralysed by Pikel for 5 turns
  6953 | D:7      | Killed Pikel
  7287 | D:7      | Found a runed translucent door.
  7288 | D:7      | Noticed Crazy Yiuf
  7476 | D:7      | Killed Crazy Yiuf
  7910 | D:8      | Noticed Gastronok
  8103 | D:8      | Noticed Grum
  8110 | D:8      | Killed Grum
  8122 | D:8      | Reached skill level 10 in Spellcasting
  8410 | D:8      | Reached XP level 11. HP: 79/84 MP: 0/0
  8410 | D:8      | Learned a level 4 spell: Anguish
  9025 | D:9      | Found a flagged portal.
  9035 | Bailey   | Entered a bailey
  9663 | Bailey   | Reached skill level 10 in Fighting
  9871 | Bailey   | Identified the +6 chain mail of the Louse {rC- Will+ MP+9
                  | Int+4}
  9874 | Bailey   | Identified the +3 plate armour of Catatonia {rF+}
 10422 | D:9      | Reached skill level 11 in Spellcasting
 11198 | D:9      | Noticed a two-headed ogre
 11211 | D:9      | Killed a two-headed ogre
 11212 | D:9      | Reached skill level 1 in Dodging
 11319 | D:9      | Noticed Psyche
 11326 | D:9      | Killed Psyche
 11680 | D:10     | Entered Level 10 of the Dungeon
 11785 | D:10     | Noticed a centaur warrior
 11798 | D:10     | Shot with an arrow by a centaur warrior

Illustrated notes

Levels and vault maps discovered:
D:1:      lemuel_arrival_behind_the_door_large, layout_rooms
D:2:      layout_basic, basic_altar, kennysheep_generic_room_2
D:3:      layout_basic
D:4:      layout_loops_corners, minmay_temple_entry_fiery
D:5:      layout_loops_cross, serial_undead, serial_undead_a, serial_undead_d,
          serial_undead_b, serial_undead_c
D:6:      layout_rooms, serial_bayou_pond_b, uniq_grinder, uniq_maggie
D:7:      layout_basic, kennysheep_generic_room_12, uniq_pikel,
          uniq_crazy_yiuf_cottage
D:8:      lemuel_slime, layout_basic, uniq_grum, uniq_gastronok
D:9:      layout_irregular_city, enter_bailey_3, uniq_psyche
D:10:     minmay_cut_squares, layout_basic, chequers_temple_overflow_minitemple,
          ashenzari_altar_1, hiddenorc1_lemuel, nicolae_benzene_ring

Skill      XL: |  1  2  3  4  5  6  7  8  9 10 11 |
---------------+----------------------------------+-----
Spellcasting   | 3 4 5 7 8 10 11 | 11.3
Fighting       | 4 5 6 8 9 10 | 10.7
Dodging        | 2 |  2.7
Unarmed Combat | |  3.0

Action                   |  1- 3 |  4- 6 |  7- 9 | 10-12 || total
-------------------------+-------+-------+-------+-------++-------
Melee: Unarmed           |    19 |       |     1 |     4 ||    24
       Staff             |       |       |     1 |       ||     1
 Cast: Scorch            |    31 |    44 |   107 |   158 ||   340
       Vampiric Draining |       |       |    63 |   116 ||   179
       Call Imp          |       |       |     1 |     6 ||     7
       Kindle Blastspark |       |       |    10 |    32 ||    42
       Anguish           |       |       |       |    13 ||    13
Invok: Rising Flame      |       |     1 |       |       ||     1
       Fiery Armour      |       |       |       |     1 ||     1
Evoke: Wand              |       |       |     2 |       ||     2
  Use: Scroll            |     1 |       |     5 |     6 ||    12
 Stab: Paralysed         |       |       |     1 |       ||     1
Armor: Robe              |     6 |     5 |     5 |       ||    16
       Steam dragon scal |       |       |    35 |    54 ||    89
       Leather armour    |       |       |       |     6 ||     6
Dodge: Dodged            |     7 |    12 |    93 |   118 ||   230

Table legend: (Time is in decaauts)
 A = Elapsed time spent in this place.
 B = Non-inter-level travel time spent in this place.
 C = Inter-level travel time spent in this place.
 D = Time resting spent in this place.
 E = Time spent auto-exploring this place.
 F = Levels seen in this place.
 G = Mean time per level.
                   A        B        C        D        E       F      G
               +--------+--------+--------+--------+--------+-----+--------+
         Total |  11806 |  11371 |    435 |   1023 |   8471 |  11 | 1073.3 |
       Dungeon |  10479 |  10044 |    435 |   1021 |   7391 |  10 | 1047.9 |
        Bailey |   1326 |   1326 |      0 |      2 |   1080 |   1 | 1326.0 |
               +--------+--------+--------+--------+--------+-----+--------+

Top non-repeatable levels by time:
     D:5: 2077 daAuts
     D:7: 1980 daAuts
     D:9: 1494 daAuts
     D:4: 1363 daAuts
  Bailey: 1326 daAuts
     D:8: 1080 daAuts
     D:2: 777 daAuts
     D:6: 743 daAuts
     D:3: 682 daAuts
     D:1: 162 daAuts
    D:10: 117 daAuts
